 Dungeon Sprint DCSS version 0.22.1-1-ga44c0e56f4 (webtiles) character file.

165 MuseOD the Covert (level 5, -10/29 HPs)
             Began as a Spriggan Enchanter on Sept 26, 2018.
             Was an Initiate of Dithmenos.
             Mangled by a human
             ... wielding a +0 dagger
              (14 damage)
             ... in the Dungeon (Sprint III: "The Ten Rune Challenge").
             The game lasted 00:01:26 (325 turns).

MuseOD the Covert (Spriggan Enchanter)               Turns: 325, Time: 00:01:27

Health: -10/29     AC:  2    Str:  4    XL:     5   Next: 21%
Magic:  0/13       EV: 18    Int: 17    God:    Dithmenos [......]
Gold:   40         SH:  0    Dex: 17    Spells: 7/13 levels left

rFire    . . .     SeeInvis +   o - +2 dagger (venom)
rCold    . . .     Gourm    .   (shield restricted)
rNeg     . . .     Faith    .   b - +0 robe
rPois    .         Spirit   .   (helmet restricted)
rElec    .         Reflect  .   (no cloak)
rCorr    .         Harm     .   (gloves unavailable)
MR       .....     NoTele   +   (boots unavailable)
Stlth    ++++......             (no amulet)
HPRegen  0.09/turn              (no ring)
MPRegen  0.13/turn              (no ring)

@: very quick
A: very small, unfitting armour, see invisible, herbivore, speed 3, slow
metabolism 2
a: Renounce Religion


You were in the Dungeon.
You worshipped Dithmenos.
Dithmenos was noncommittal.
You were not hungry.

You visited 1 branch You collected 40 gold pieces.

Inventory:

Hand Weapons
 a - a +1 dagger
 o - a +2 dagger of venom (weapon)
Armour
 b - a +0 robe (worn)
Wands
 n - a wand of disintegration (4)
Scrolls
 i - 2 scrolls of immolation {unknown}
 j - a scroll of blinking
 k - 2 scrolls of identify {unknown}
 l - 3 scrolls of remove curse
Potions
 c - 5 potions of mutation {unknown}
 e - a potion of curing
 g - a potion of haste
 h - 2 potions of magic
 m - 2 potions of flight {unknown}
Comestibles
 d - 3 rations


   Skills:
 + Level 3.6 Fighting
 * Level 7.4 Short Blades
 - Level 3.0 Dodging
 + Level 8.4 Stealth
 + Level 4.8 Spellcasting
 + Level 5.4 Hexes


You had 7 spell levels left.
You knew the following spells:

 Your Spells              Type           Power        Failure   Level  Hunger
a - Corona                Hex            ###....      1%          1    None
b - Ensorcelled Hibernat  Hex/Ice        ##....       7%          2    #......
c - Confuse               Hex            ###.....     4%          3    ###....

Your spell library contained the following spells:

 Spells                   Type           Power        Failure   Level  Hunger
 Tukima's Dance           Hex            ###.....     4%          3    ###....
 Dazzling Spray           Conj/Hex       ##....       14%         3    ###....


Dungeon Overview and Level Annotations

Branches:
Dungeon (1/1)

Altars:
Dithmenos
Okawaru
Ru
Trog
Uskayaw
Wu Jian
Yredelemnul
Beogh


Innate Abilities, Weirdness & Mutations

You are very small and have problems with some larger weapons.
You are too small for most types of armour.
You have supernaturally acute eyesight. (SInv)
You are a herbivore.
You cover ground extremely quickly.
You need to consume almost no food.


Message History

The human barely misses you. The human hits you!
* * * LOW HITPOINT WARNING * * *
You feel much better.
The human looks more healthy.
The human misses you. The human hits you with a dagger. The human hits you!
You barely miss the human.
The human is lightly wounded.
The human looks more healthy.
The human barely misses you.
You hit the human.
The human is poisoned.
The human is moderately wounded.
The human closely misses you. The human completely misses you.
You barely miss the human.
The human is moderately wounded.
The human closely misses you. The human hits you with a dagger!
* * * LOW HITPOINT WARNING * * *
You closely miss the human.
The human is moderately wounded.
You hit the human but do no damage.
The human is poisoned.
The human is moderately wounded.
The human hits you with a dagger!
You die...

▓▓▓ ♣♣♣ ♣.#
######## ♣.♣ ♣.#
#___#@_# ..♣ ♣♣.#
#__.#pp#
≈.♣♣♣..###+#'###'##
≈....♣.#..........#
≈≈♣..♣.+.⌠........#
≈≈≈≈♣♣.#...######+#
≈≈≈...E#.⌠.#
≈≈.....#...#
.......#+###


You could see 2 humans.

Vanquished Creatures
  A necrophage (D)
  Jessica (D)
  A necromancer (D)
  A human (D)
  An ooze (D)
  A phantom (D)
  2 rats (D)
8 creatures vanquished.

Vanquished Creatures (others)
  A draconian scorcher (D)
  6 hellions (D)
7 creatures vanquished.

Grand Total: 15 creatures vanquished

Notes
Turn   | Place    | Note
-------+----------+-------------------------------------------
     0 | D        | MuseOD the Spriggan Enchanter began the quest for the Orb.
     0 | D        | Reached XP level 1. HP: 9/9 MP: 5/5
     8 | D        | Reached skill level 1 in Fighting
     8 | D        | Reached skill level 5 in Stealth
    12 | D        | Noticed Jessica
    16 | D        | Killed Jessica
    16 | D        | Reached skill level 6 in Stealth
    16 | D        | Reached XP level 2. HP: 15/15 MP: 6/6
    16 | D        | Reached XP level 3. HP: 18/18 MP: 8/8
    42 | D        | Learned a level 2 spell: Ensorcelled Hibernation
    46 | D        | Learned a level 3 spell: Confuse
    69 | D        | Reached skill level 5 in Short Blades
   119 | D        | Killed a hellion
   119 | D        | Killed a hellion
   153 | D        | Killed a hellion
   194 | D        | Killed a hellion
   195 | D        | Killed a hellion
   228 | D        | Killed a white draconian scorcher
   241 | D        | Killed a hellion
   253 | D        | Noticed a water elemental
   284 | D        | Found a basalt altar of Yredelemnul.
   284 | D        | Found a shadowy altar of Dithmenos.
   284 | D        | Found a sacrificial altar of Ru.
   284 | D        | Noticed a necrophage
   284 | D        | Noticed a necromancer
   286 | D        | Killed a necromancer
   286 | D        | Reached skill level 7 in Stealth
   286 | D        | Reached XP level 4. HP: 23/23 MP: 8/10
   287 | D        | Killed a necrophage
   287 | D        | Reached skill level 8 in Stealth
   287 | D        | Reached skill level 5 in Hexes
   287 | D        | Reached XP level 5. HP: 29/29 MP: 9/13
   294 | D        | Became a worshipper of Dithmenos the Shadowed
   300 | D        | Found a hide-covered altar of Uskayaw.
   300 | D        | Found an iron altar of Okawaru.
   301 | D        | Found a roughly hewn altar of Beogh.
   301 | D        | Found a bloodstained altar of Trog.
   301 | D        | Found an ornate altar of the Wu Jian Council.
   301 | D        | Noticed a human
   301 | D        | Noticed a human
   325 | D        | Mangled by a human

Skill      XL: |  1  2  3  4 |
---------------+-------------+-----
Fighting       | 2 3 |  3.6
Short Blades   | 4 5 7 |  7.4
Stealth        | 6 7 8 |  8.4
Spellcasting   | 3 4 |  4.8
Hexes          | 4 5 |  5.4
Dodging        | |  3.0

Action                   |  1- 3 |  4- 6 || total
-------------------------+-------+-------++-------
Melee: Dagger            |    15 |    11 ||    26
 Cast: Ensorcelled Hiber |     4 |       ||     4
       Confuse           |     2 |     4 ||     6
  Use: Potion            |     1 |     1 ||     2
 Stab: Sleeping          |     3 |     1 ||     4
       Confused          |     1 |       ||     1
Armor: Robe              |     1 |       ||     1
Dodge: Dodged            |     7 |     6 ||    13
